cohdb
Replays
Latest Replays
All Replays
Popular Replays
Top Player Replays
Match Explorer
How It Works
Community
CoH3 Stats
Reddit
Sign in to upload your games and track your stats! →
Sign in with Steam
Match 40092180
Unlisted
Match 40092180
Overview
Messages
Build Orders
End
Kradschützen Motorcycle Team
Panzerpioneer Squad
Panzerpioneer Squad
Panzerpioneer Squad
Panzerpioneer Squad
Construct Light Support Kompanie
MG34 Team
2.5-tonne Medical Truck
Fire Support Elements
Panzerjäger Mechanized Group
Veteran Squad Leaders
Flakvierling Half-track
Panzerjäger Squad
Selects Armored Support Battlegroup
Selects Veteran Gunners
le.IG 18 Support Gun Team
Selects Salvage Kits
Construct Panzerarmee Kommand
Panzer III L Medium Tank
Rapid Advance
Selects Panzer Storm
Selects Stuka Anti-tank Loiter
Emergency Repair Kits
Tungsten Core Ammunition
Stuka Anti-tank Loiter
Panzer III L Medium Tank
Selects Flammpanzer III Medium Tank
Panzer III L Medium Tank
Stuka Anti-tank Loiter
Panzer III L Medium Tank
Vehicle Survival Package
JJB34
只愛❤毛妹
0
0
Comments
sign in to comment!
No comments posted yet!